 Dungeon Crawl Stone Soup version 0.29-a0-334-gb41bcbb86e (webtiles) character file.

Game seed: 13855531657602414698

2 spaghetti the Jinx (level 1, -1/25 HPs)
             Began as a Gnoll Wanderer on Apr 13, 2022.
             Frozen to death by an endoplasm (4 damage)
             ... on level 1 of the Dungeon.
             The game lasted 00:00:48 (139 turns).

spaghetti the Jinx (Gnoll Wanderer)                  Turns: 139, Time: 00:00:48

Health: -1/25      AC: 20    Str: 11    XL:     1   Next: 30%
Magic:  3/6        EV:  2    Int: 10    God:
Gold:   0          SH:  0    Dex: 12    Spells: 8/9 levels left

rFire   . . .      SeeInvis .   a - +0 dagger {short}
rCold   . . .      Faith    .   (no shield)
rNeg    . . .      Spirit   .   (body armour currently unavailable)
rPois   +          Reflect  .   (helmet currently unavailable)
rElec   .          Harm     .   (cloak currently unavailable)
rCorr   .          Rampage  .   (gloves currently unavailable)
Will    .....      NoTele   +   (boots currently unavailable)
Stlth   +.........              (no amulet)
HPRegen 0.08/turn               (no ring)
MPRegen 0.10/turn               (no ring)

@: tree-form
A: stationary, stasis, torment immunity, boosted hp, (fangs 1), strong nose,
distributed training
a: no special abilities


You were on level 1 of the Dungeon.
You were a tree.
You visited 1 branch of the dungeon, and saw 1 of its levels.


Innate Abilities, Weirdness & Mutations

You are a tree.
Your roots penetrate the ground, keeping you stationary.
You cannot be teleported.
You are immune to unholy pain and torment.
Your maximum health is greatly increased.
Your equipment is partially melded.
((You have very sharp teeth.))
Your uncanny sense of smell can sniff out nearby items.
Your experience applies equally to all skills.


   Skills:
 + Level 2.3 Fighting
 + Level 0.0 Short Blades
 + Level 0.0 Long Blades
 + Level 0.0 Axes
 + Level 0.0 Maces & Flails
 + Level 0.0 Polearms
 + Level 0.0 Staves
 + Level 0.0 Slings
 + Level 0.0 Bows
 + Level 0.0 Crossbows
 + Level 0.0 Throwing
 + Level 0.0 Armour
 + Level 2.3 Dodging
 + Level 0.0 Stealth
 + Level 0.0 Shields
 + Level 0.0 Unarmed Combat
 + Level 4.8 Spellcasting
 + Level 0.0 Conjurations
 + Level 8.7 Hexes
 + Level 0.0 Summonings
 + Level 0.0 Necromancy
 + Level 0.0 Translocations
 + Level 0.0 Transmutations
 + Level 0.0 Fire Magic
 + Level 0.0 Ice Magic
 + Level 0.0 Air Magic
 + Level 0.0 Earth Magic
 + Level 1.9 Poison Magic
 + Level 0.1 Invocations
 + Level 0.0 Evocations


You had 8 spell levels left.
You knew the following spells:

 Your Spells              Type           Power      Damage    Failure   Level
a - Slow                  Hex            76%        N/A       1%          1

Your spell library contained the following spells:

 Spells                   Type           Power      Damage    Failure   Level
 Summon Guardian Golem    Hex/Summ       11%        N/A       12%         3
 Sting                    Tmut/Pois      16%        1d3       16%         1
 Anguish                  Hex/Necr       5%         N/A       36%         4
 Mephitic Cloud           Conj/Pois/Air  3%         N/A       47%         3

Inventory:

Hand Weapons
 a - a +0 dagger (weapon) {short}
Armour
 c - a +0 leather armour (melded)
Scrolls
 d - a scroll of teleportation {@r4}

Dungeon Overview and Level Annotations

Branches:
Dungeon (1/15)

Altars:

........##..'.....
#............'..... #
#........#.######..
#. #.........##
##.###
#.##........#.###.##
# ...........##.#..#
∆ #.........###...#
.##.#.g.....#.....†.#
.....Sg♣.##.######.##
.#.##.##J##.######.#
#..............#
.....##(##.########
..## ......#
∆.....#### #######


You could see an endoplasm, 2 goblins and a ball python.


Message History

A goblin comes into view. It is wielding a +0 dagger.
The goblin shouts! 😎 HP[+3]
Your hp is fully restored (17).
A goblin is nearby!
A goblin is nearby!
A goblin is nearby!
A goblin comes into view. It is wielding a +0 club.
A ball python and an endoplasm come into view.
The goblin shouts!
The endoplasm quivers.
The goblin closely misses you.
You barely miss the goblin. The goblin barely misses you.
You closely miss the goblin. The goblin hits you but does no damage.
You miss the goblin. The goblin barely misses you.
You hit the goblin but do no damage. The goblin hits you with a +0 dagger.
The goblin hits you with a +0 club. 😮 HP[-5]
You take 5 damage, and now have 12/17 hp.
MASSIVE DAMAGE!! (PAUSE)
Casting: Slow (safe; 1% risk of failure)
Confirm with . or Enter, or press ? or * to list all spells.
Aiming: Slow (safe; 1% risk of failure)
Press: ? - help, Shift-Dir - straight line, f - goblin
Aim: a goblin, wielding a +0 club (chance to affect: 75%)
The goblin seems to slow down.
The goblin closely misses you. 😮 MP[-1]
You lost 1 mp, and now have 5/6 mp.
Casting: Slow (safe; 1% risk of failure)
Confirm with . or Enter, or press ? or * to list all spells.
Aiming: Slow (safe; 1% risk of failure)
Press: ? - help, Shift-Dir - straight line, f - goblin, p - goblin
Aim: a goblin, wielding a +0 dagger (chance to affect: 75%)
The goblin seems to slow down.
The goblin hits you with a +0 club. 😮 HP[-1] MP[-1]
You take 1 damage, and now have 11/17 hp.
You lost 1 mp, and now have 4/6 mp.
You closely miss the goblin. You punch the goblin.
The goblin barely misses you. x2
You hit the goblin.
The goblin hits you with a +0 dagger. 😮 HP[-1]
You take 1 damage, and now have 10/17 hp.
You hit the goblin but do no damage. The goblin barely misses you.
The endoplasm hits you.
* * * LOW HITPOINT WARNING * * *
😨 HP[-2]
You take 2 damage, and now have 8/17 hp.
Casting: Slow (safe; 1% risk of failure)
Confirm with . or Enter, or press ? or * to list all spells.
Aiming: Slow (safe; 1% risk of failure)
Press: ? - help, Shift-Dir - straight line, f - endoplasm, p - goblin
Aim: an endoplasm (chance to affect: 75%)
The endoplasm struggles to resist.
The goblin barely misses you. The goblin closely misses you.
The endoplasm closely misses you. 😨 MP[-1]
You lost 1 mp, and now have 3/6 mp.
Casting: Slow (safe; 1% risk of failure)
Confirm with . or Enter, or press ? or * to list all spells.
Aiming: Slow (safe; 1% risk of failure)
Press: ? - help, Shift-Dir - straight line, f - ball python, p - endoplasm
Aim: a ball python (chance to affect: 75%)
The goblin struggles to resist.
The goblin barely misses you.
The endoplasm hits you but does no damage. 😨 MP[-1]
You lost 1 mp, and now have 2/6 mp.
You barely miss the endoplasm. You bite the endoplasm.
The goblin closely misses you. The endoplasm barely misses you.
You hit the endoplasm but do no damage. You punch the endoplasm.
You bite the endoplasm, but do no damage.
The goblin hits you but does no damage. The goblin misses you.
The endoplasm freezes you.
You are frozen.
* * * LOW HITPOINT WARNING * * *
😨 HP[-1]
You take 1 damage, and now have 7/17 hp.
You barely miss the endoplasm. The goblin misses you. The endoplasm hits you.
* * * LOW HITPOINT WARNING * * *
The goblin misses you. 😱 HP[-3] MP[+1]
You take 3 damage, and now have 4/17 hp.
You hit the endoplasm but do no damage. The endoplasm hits you.
* * * LOW HITPOINT WARNING * * *
The goblin closely misses you. 😱 HP[-2]
You take 2 damage, and now have 2/17 hp.
Really quaff
b - a potion of lignification {!q}?
Really quaff the potion of lignification?
You turn into a tree.
Your +0 leather armour melds into your body.
Your roots penetrate the ground.
The goblin hits you with a +0 club.
* * * LOW HITPOINT WARNING * * *
The endoplasm hits you but does no damage. 😱 HP[+1]
You now have 25 max hp (+8).
You completely miss the endoplasm. The goblin hits you but does no damage.
The goblin barely misses you. The endoplasm barely misses you.
You hit the endoplasm but do no damage. The goblin hits you but does no damage.
The endoplasm freezes you.
You are frozen.
You die...

Action                   || total
-------------------------++-------
Melee: Dagger            ||    24
       Punch             ||     2
       Bite              ||     2
 Cast: Slow              ||     5
  Use: Potion            ||     1
Armor: Leather armour    ||     7
       Skin              ||     3
Dodge: Dodged            ||    33

Levels and vault maps discovered:
D:1:      lemuel_arrival_funnel, layout_loops_cross, st_stairs_12,
          chequers_avenue, serial_bayou_crossing

Notes
Turn   | Place    | Note
-------+----------+-------------------------------------------
     0 | D:1      | spaghetti the Gnoll Wanderer began the quest for the Orb.
     0 | D:1      | spaghetti set off with the following items: a +0 dagger
                  | {short}, a potion of lignification {!q}, a +0 leather
                  | armour, a scroll of teleportation {@r4}; and the following
                  | spells available to memorise: Slow, Summon Guardian Golem,
                  | Sting, Anguish, Mephitic Cloud
     0 | D:1      | Reached XP level 1. HP: 17/17 MP: 6/6
     0 | D:1      | magus.rc [v1.9.6]
     2 | D:1      | Learned a level 1 spell: Slow
   135 | D:1      | HP: 4/17 [endoplasm (3)]
   139 | D:1      | Frozen to death by an endoplasm

Vanquished Creatures
  An endoplasm (D:1)
  A bat (D:1)
2 creatures vanquished.

Table legend:
 A = Non-vault XP
 B = Vault XP
 C = Vault XP percentage of total XP
 D = Non-vault monster count
 E = Vault monster count
 F = Vault count percentage of total count
                 A         B        C        D         E       F
            +---------+---------+-------+---------+---------+-------
      Total |       3 |       0 |   0.0 |       2 |       0 |   0.0
            +---------+---------+-------+---------+---------+-------
        D:1 |       3 |       0 |   0.0 |       2 |       0 |   0.0
            +---------+---------+-------+---------+---------+-------

Illustrated notes

Table legend:
 A = Kills in this place as a percentage of kills in entire the game.
 B = Kills by you in this place as a percentage of kills by you in the entire game.
 C = Kills by friends in this place as a percentage of kills by friends in the entire game.
 D = Other kills in this place as a percentage of other kills in the entire game.
 E = Experience gained in this place as a percentage of experience gained in the entire game.
 F = Experience gained in this place divided by the number of levels of this place that you have seen.
                   A       B       C       D       E      F
               +-------+-------+-------+-------+-------+----------------------
         Total | 100.0 | 100.0 |   N/A |   N/A | 100.0 |   3.0
       Dungeon | 100.0 | 100.0 |   N/A |   N/A | 100.0 |   3.0
               +-------+-------+-------+-------+-------+----------------------

Table legend: (Time is in decaauts)
 A = Elapsed time spent in this place.
 B = Non-inter-level travel time spent in this place.
 C = Inter-level travel time spent in this place.
 D = Time resting spent in this place.
 E = Time spent auto-exploring this place.
 F = Levels seen in this place.
 G = Mean time per level.
                   A        B        C        D        E       F      G
               +--------+--------+--------+--------+--------+-----+--------+
         Total |    139 |    139 |      0 |      0 |     94 |   1 |  139.0 |
       Dungeon |    139 |    139 |      0 |      0 |     94 |   1 |  139.0 |
               +--------+--------+--------+--------+--------+-----+--------+

Top non-repeatable levels by time:
     D:1: 139 daAuts
